[ AOE2 MATCH · #460290343 ]
1v1 RMMagyars vs Bohemians
Player's team · LOSS
[ REPLAY ANALYSIS · EXTRACTED FROM THE RECORDED GAME ]
Feudal
12:05
Castle
19:45
Imperial
32:58
| APM avg | 26.6 |
| APM peak | 95 |
| eAPM avg | 15.7 |
| Villagers / military | 127 / 71 |
Focus
⚔️ 21.4% · 🌾 78.6%
Cavalry Archer ×44 · Scout Cavalry ×10 · Mangonel ×8 · Trebuchet (Packed) ×6 · Monk ×3
Feudal
10:14
Castle
17:10
Imperial
31:45
| APM avg | 26.3 |
| APM peak | 71 |
| eAPM avg | 17.7 |
| Villagers / military | 144 / 131 |
Focus
⚔️ 28.7% · 🌾 71.3%
Skirmisher ×62 · Spearman ×43 · Hussite Wagon ×17 · Bombard Cannon ×9
Match map
Initial resources + every placement click. Lines = walls · curves = elevation contours. ◆ gold · ⬟ stone · ● berries · ✦ relic · ◌ wall gap
Your base· Open — unwalled flank
ZhekaZheskach's base· Open — unwalled flank
Smoothed initial terrain · ◌ = detected wall gap · hover for details
Inputs per minute
— Chucky_zk - - ZhekaZheskach
Build order — Chucky_zk
First 150 of 366 actions detected
| 0:01 | Create | Villager (Male) |
| 0:01 | Create | Villager (Male) |
| 0:02 | Build | House |
| 0:03 | Build | House |
| 0:22 | Create | Villager (Male) |
| 0:23 | Create | Villager (Male) |
| 0:23 | Create | Villager (Male) |
| 1:35 | Create | Villager (Male) |
| 1:35 | Create | Villager (Male) |
| 1:44 | Build | Lumber Camp |
| 1:59 | Create | Villager (Male) |
| 1:59 | Create | Villager (Male) |
| 2:19 | Create | Villager (Male) |
| 2:19 | Create | Villager (Male) |
| 2:20 | Create | Villager (Male) |
| 3:05 | Create | Villager (Male) |
| 3:05 | Create | Villager (Male) |
| 3:05 | Create | Villager (Male) |
| 3:06 | Create | Villager (Male) |
| 4:13 | Create | Villager (Male) |
| 4:13 | Create | Villager (Male) |
| 4:13 | Create | Villager (Male) |
| 4:29 | Build | Mill |
| 4:31 | Create | Villager (Male) |
| 4:31 | Create | Villager (Male) |
| 5:10 | Build | House |
| 5:20 | Research | Loom |
| 5:20 | Create | Villager (Male) |
| 5:21 | Create | Villager (Male) |
| 5:38 | Create | Villager (Male) |
| 5:38 | Create | Villager (Male) |
| 5:52 | Create | Villager (Male) |
| 5:52 | Create | Villager (Male) |
| 6:44 | Create | Villager (Male) |
| 6:52 | Build | House |
| 7:14 | Create | Villager (Male) |
| 7:14 | Create | Villager (Male) |
| 7:15 | Create | Villager (Male) |
| 7:15 | Create | Villager (Male) |
| 7:38 | Build | Mill |
| 8:50 | Create | Villager (Male) |
| 9:14 | Create | Villager (Male) |
| 9:16 | Research | Feudal Age |
| 9:41 | Build | Lumber Camp |
| 10:59 | Build | Mining Camp |
| 11:27 | Create | Villager (Male) |
| 11:27 | Create | Villager (Male) |
| 11:30 | Create | Villager (Male) |
| 11:32 | Build | House |
| 12:05 | Age | Feudal Age |
| 12:06 | Research | Horse Collar |
| 12:06 | Research | Horse Collar |
| 12:10 | Research | Double-Bit Axe |
| 12:16 | Research | Gold Mining |
| 12:20 | Build | Farm |
| 12:21 | Build | Farm |
| 12:21 | Build | Farm |
| 12:21 | Build | Farm |
| 12:21 | Build | Farm |
| 12:21 | Build | Farm |
| 12:22 | Build | Farm |
| 12:22 | Build | Farm |
| 12:22 | Build | Farm |
| 12:22 | Build | Farm |
| 12:23 | Build | Farm |
| 12:58 | Build | Lumber Camp |
| 13:08 | Create | Villager (Male) |
| 13:13 | Create | Villager (Male) |
| 13:57 | Build | Farm |
| 13:58 | Build | Farm |
| 14:11 | Research | Wheelbarrow |
| 14:22 | Build | Farm |
| 14:22 | Build | Farm |
| 14:22 | Build | Farm |
| 14:22 | Build | Farm |
| 14:22 | Build | Farm |
| 14:23 | Build | Farm |
| 14:24 | Build | Farm |
| 14:24 | Build | Farm |
| 14:25 | Build | Farm |
| 14:25 | Build | Farm |
| 14:25 | Build | Farm |
| 15:08 | Build | House |
| 15:30 | Create | Villager (Male) |
| 15:59 | Build | Blacksmith |
| 16:03 | Build | Market |
| 16:07 | Create | Villager (Male) |
| 16:31 | Create | Villager (Male) |
| 17:05 | Research | Castle Age |
| 17:05 | Research | Castle Age |
| 17:05 | Research | Castle Age |
| 17:33 | Build | Barracks |
| 18:10 | Build | House |
| 18:11 | Build | House |
| 18:12 | Build | House |
| 18:40 | Create | Villager (Male) |
| 18:40 | Create | Villager (Male) |
| 18:51 | Build | Stable |
| 19:45 | Age | Castle Age |
| 19:50 | Build | Monastery |
| 19:57 | Research | Gold Shaft Mining |
| 19:59 | Research | Stone Mining |
| 20:04 | Create | Villager (Male) |
| 20:14 | Build | Town Center |
| 20:20 | Create | Monk |
| 20:36 | Create | Villager (Male) |
| 20:41 | Create | Scout Cavalry |
| 20:41 | Create | Scout Cavalry |
| 20:54 | Create | Monk |
| 21:03 | Create | Villager (Male) |
| 21:28 | Create | Villager (Male) |
| 21:29 | Create | Villager (Male) |
| 21:31 | Create | Villager (Male) |
| 21:44 | Build | Mining Camp |
| 22:56 | Create | Villager (Male) |
| 22:57 | Create | Villager (Male) |
| 22:58 | Create | Villager (Male) |
| 22:59 | Create | Villager (Male) |
| 23:02 | Create | Villager (Male) |
| 23:03 | Create | Villager (Male) |
| 23:08 | Research | Husbandry |
| 23:09 | Research | Bloodlines |
| 23:25 | Create | Monk |
| 23:48 | Create | Villager (Male) |
| 23:49 | Create | Villager (Male) |
| 23:54 | Research | Heavy Plow |
| 23:55 | Research | Bow Saw |
| 24:37 | Research | Fervor |
| 24:39 | Create | Villager (Male) |
| 24:41 | Create | Villager (Male) |
| 24:42 | Create | Villager (Male) |
| 24:43 | Create | Villager (Male) |
| 24:46 | Build | House |
| 24:58 | Build | House |
| 24:59 | Build | House |
| 24:59 | Build | House |
| 24:59 | Build | House |
| 24:59 | Build | House |
| 25:00 | Build | House |
| 25:00 | Build | House |
| 25:00 | Build | House |
| 25:01 | Build | House |
| 25:01 | Build | House |
| 25:02 | Build | House |
| 25:02 | Build | House |
| 25:04 | Build | House |
| 25:04 | Build | House |
| 25:04 | Build | House |
| 25:05 | Build | House |
| 25:06 | Build | House |
Build order — ZhekaZheskach
First 150 of 459 actions detected
| 0:02 | Create | Villager (Male) |
| 0:02 | Create | Villager (Male) |
| 0:02 | Create | Villager (Male) |
| 0:02 | Create | Villager (Male) |
| 0:03 | Create | Villager (Male) |
| 0:05 | Build | House |
| 0:06 | Build | House |
| 1:32 | Create | Villager (Male) |
| 2:16 | Create | Villager (Male) |
| 2:28 | Create | Villager (Male) |
| 3:32 | Create | Villager (Male) |
| 3:33 | Create | Villager (Male) |
| 3:33 | Create | Villager (Male) |
| 3:58 | Build | Mill |
| 4:04 | Build | House |
| 4:28 | Create | Villager (Male) |
| 4:59 | Build | Lumber Camp |
| 5:01 | Create | Villager (Male) |
| 5:27 | Create | Villager (Male) |
| 6:00 | Create | Villager (Male) |
| 6:19 | Create | Villager (Male) |
| 6:44 | Create | Villager (Male) |
| 7:16 | Create | Villager (Male) |
| 7:31 | Create | Villager (Male) |
| 8:03 | Research | Feudal Age |
| 9:17 | Build | Mill |
| 10:10 | Build | House |
| 10:13 | Build | House |
| 10:14 | Age | Feudal Age |
| 10:19 | Create | Villager (Male) |
| 10:43 | Create | Villager (Male) |
| 10:43 | Create | Villager (Male) |
| 10:44 | Create | Villager (Male) |
| 11:09 | Build | Blacksmith |
| 11:16 | Build | Farm |
| 11:49 | Create | Villager (Male) |
| 11:49 | Create | Villager (Male) |
| 11:49 | Create | Villager (Male) |
| 12:05 | Build | Mining Camp |
| 12:22 | Create | Villager (Male) |
| 13:11 | Build | Market |
| 14:05 | Create | Villager (Male) |
| 14:17 | Research | Castle Age |
| 14:33 | Build | Mining Camp |
| 15:14 | Build | House |
| 15:15 | Build | House |
| 15:38 | Build | Farm |
| 15:40 | Build | Farm |
| 15:52 | Build | Farm |
| 15:57 | Build | Farm |
| 16:04 | Build | House |
| 16:11 | Research | Double-Bit Axe |
| 16:26 | Build | Farm |
| 17:10 | Age | Castle Age |
| 17:16 | Build | Farm |
| 17:17 | Create | Villager (Male) |
| 17:18 | Create | Villager (Male) |
| 17:18 | Create | Villager (Male) |
| 17:18 | Create | Villager (Male) |
| 17:25 | Research | Horse Collar |
| 17:49 | Build | Farm |
| 17:51 | Build | Farm |
| 17:55 | Build | Farm |
| 18:07 | Research | Bow Saw |
| 18:09 | Create | Villager (Male) |
| 18:17 | Build | Farm |
| 18:50 | Build | Castle |
| 18:55 | Build | Mining Camp |
| 18:58 | Create | Villager (Male) |
| 18:58 | Create | Villager (Male) |
| 18:59 | Create | Villager (Male) |
| 19:24 | Research | Fletching |
| 19:40 | Build | Town Center |
| 20:05 | Create | Villager (Male) |
| 20:21 | Build | Monastery |
| 20:27 | Create | Villager (Male) |
| 20:55 | Build | Farm |
| 20:56 | Build | Farm |
| 21:07 | Build | Farm |
| 21:09 | Research | Fervor |
| 21:10 | Create | Villager (Male) |
| 21:11 | Create | Villager (Male) |
| 21:14 | Create | Villager (Male) |
| 21:15 | Create | Villager (Male) |
| 21:29 | Build | Farm |
| 21:35 | Create | Villager (Male) |
| 21:35 | Create | Villager (Male) |
| 21:43 | Build | Farm |
| 21:53 | Build | Farm |
| 22:12 | Research | Heavy Plow |
| 22:15 | Create | Villager (Male) |
| 22:16 | Create | Villager (Male) |
| 22:23 | Build | Farm |
| 22:29 | Build | Farm |
| 22:45 | Create | Villager (Male) |
| 22:46 | Create | Villager (Male) |
| 23:10 | Create | Villager (Male) |
| 23:11 | Create | Villager (Male) |
| 23:34 | Create | Hussite Wagon |
| 23:37 | Create | Villager (Male) |
| 23:38 | Create | Villager (Male) |
| 23:48 | Build | Town Center |
| 23:50 | Create | Villager (Male) |
| 23:54 | Create | Villager (Male) |
| 23:59 | Research | Bodkin Arrow |
| 24:11 | Create | Villager (Male) |
| 24:12 | Create | Villager (Male) |
| 24:24 | Create | Hussite Wagon |
| 24:35 | Create | Villager (Male) |
| 24:49 | Build | Farm |
| 24:50 | Build | Farm |
| 24:51 | Build | Farm |
| 24:53 | Build | Farm |
| 25:04 | Build | Farm |
| 25:06 | Create | Villager (Male) |
| 25:06 | Create | Villager (Male) |
| 25:08 | Create | Villager (Male) |
| 25:19 | Build | Farm |
| 25:30 | Create | Villager (Male) |
| 25:31 | Create | Villager (Male) |
| 25:31 | Create | Villager (Male) |
| 25:43 | Create | Villager (Male) |
| 25:45 | Create | Villager (Male) |
| 25:57 | Build | Town Center |
| 26:00 | Create | Villager (Male) |
| 26:00 | Create | Villager (Male) |
| 26:02 | Create | Villager (Male) |
| 26:19 | Create | Villager (Male) |
| 26:44 | Build | Farm |
| 26:54 | Build | Farm |
| 27:03 | Build | Farm |
| 27:12 | Build | Farm |
| 27:13 | Create | Villager (Male) |
| 27:14 | Create | Villager (Male) |
| 27:16 | Create | Villager (Male) |
| 27:16 | Create | Villager (Male) |
| 27:26 | Build | Farm |
| 27:27 | Build | Farm |
| 27:28 | Build | Farm |
| 27:29 | Build | Farm |
| 27:32 | Build | Farm |
| 27:32 | Build | Farm |
| 27:32 | Build | Farm |
| 27:36 | Create | Villager (Male) |
| 27:37 | Create | Villager (Male) |
| 27:37 | Create | Villager (Male) |
| 27:48 | Build | Farm |
| 27:58 | Build | Lumber Camp |
| 28:07 | Create | Villager (Male) |
| 28:07 | Create | Villager (Male) |
Match timeline
| 10:14 | ZhekaZheskach · age_up feudal |
| 12:05 | Chucky_zk · age_up feudal |
| 17:10 | ZhekaZheskach · age_up castle |
| 17:33 | Chucky_zk · first_building Barracks |
| 18:50 | ZhekaZheskach · first_building Castle |
| 18:51 | Chucky_zk · first_building Stable |
| 19:45 | Chucky_zk · age_up castle |
| 19:50 | Chucky_zk · first_building Monastery |
| 20:21 | ZhekaZheskach · first_building Monastery |
| 26:37 | Chucky_zk · first_building Castle |
| 28:35 | Chucky_zk · first_building Archery Range |
| 31:07 | Chucky_zk · first_building Siege Workshop |
| 31:45 | ZhekaZheskach · age_up imperial |
| 32:58 | Chucky_zk · age_up imperial |
| 33:48 | ZhekaZheskach · first_building Barracks |
| 34:59 | ZhekaZheskach · first_building Archery Range |
| 35:40 | ZhekaZheskach · first_building Siege Workshop |
| 45:00 | Chucky_zk · resign |
[ AI ANALYSIS · 1 CREDIT ]
What really happened in this match?
Wolo.gg analyzes every decision: build order, eco, micro, common mistakes by bracket. Personalized analysis on WhatsApp or Discord in 30 seconds.
Civ guide
Magyars
Map guide
Arena
Perfil
Jugador #2139755